 Dungeon Crawl Stone Soup version 0.27-a0-531-gb72ec1a1b6 (webtiles) character file.

Game seed: 12723958218662845259

14 Veldoneri the Skirmisher (level 2, -3/33 HPs)
             Began as an Ogre Berserker on Mar 6, 2021.
             Slain by a black bear (4 damage)
             ... created by the rage of Trog
             ... on level 1 of the Dungeon.
             The game lasted 00:00:58 (274 turns).

Veldoneri the Skirmisher (Ogre Berserker)            Turns: 274, Time: 00:00:58

Health: -3/33      AC:  3    Str: 20    XL:     2   Next: 41%
Magic:  2/2        EV: 10    Int:  8    God:
Gold:   9          SH:  0    Dex:  8    Spells: 1/1 levels left

rFire    . . .     SeeInvis .   a - +0 falchion
rCold    . . .     Faith    .   (no shield)
rNeg     . . .     Spirit   .   b - +0 animal skin
rPois    .         Reflect  .   (helmet restricted)
rElec    .         Harm     .   (no cloak)
rCorr    .         Rampage  .   (gloves unavailable)
Will     .....                  (boots unavailable)
Stlth    +.........             (no amulet)
HPRegen  0.11/turn              (no ring)
MPRegen  0.08/turn              (no ring)

@: no status effects
A: large, unfitting armour, tough skin 1
a: no special abilities


You were on level 1 of the Dungeon.
You visited 1 branch of the dungeon, and saw 1 of its levels.

You collected 9 gold pieces.

Inventory:

Hand Weapons
 a - a +0 falchion (weapon)
Armour
 b - a +0 animal skin (worn)
Scrolls
 c - a scroll of random uselessness {unknown}


   Skills:
 + Level 4.3 Fighting
 + Level 3.0 Long Blades
 + Level 2.9 Dodging


You had one spell level left.
You didn't know any spells.
Your spell library was empty.

Dungeon Overview and Level Annotations

Branches:
Dungeon (1/15)

Altars:


Innate Abilities, Weirdness & Mutations

You are too large for most types of armour.
You have tough skin. (AC +1)


Message History

You hit the hobgoblin but do no damage.
The hobgoblin hits you but does no damage. x2
You slash the hobgoblin!
You kill the hobgoblin!
No target in view!
No target in view!
No target in view!
c - a scroll labelled EGOILI KYPSAMM A dart slug comes into view.
The dart slug bites you but does no damage.
Found 15 poisoned darts.
You hit the dart slug.
The dart slug is severely wounded.
The dart slug bites you.
You hit the dart slug.
The dart slug is severely wounded.
The dart slug bites you.
You hit the dart slug.
The dart slug is almost dead.
Trog sends monsters to punish you. 3 black bears come into view.
You slash the dart slug!
You kill the dart slug!
Your Long Blades skill increases to level 3!
The black bear bites you! The black bear claws you.
The black bear barely misses you. The black bear bites you.
The black bear claws you but does no damage.
The black bear misses you.
The black bear rages.
The black bear closely misses you.
You riposte.
You hit the black bear.
The black bear is lightly wounded.
The black bear claws you. x2
* * * LOW HITPOINT WARNING * * *
The black bear barely misses you.
You riposte.
You barely miss the black bear. The black bear misses you.
The black bear claws you.
* * * LOW HITPOINT WARNING * * *
The black bear bites you.
* * * LOW HITPOINT WARNING * * *
The black bear claws you.
You die...

#.........+
#.........#......
#.........#.....
#.........#....
###.........#(..#
#...........#...#
#.#####.#...#...#
#.#
#.#...#...#######
#.#
#.#..h.hh@.......
#.#
#.#...###########
#.# #.#.###
#.#####.#.#
#.......#.#
#########.# ..


You could see 3 black bears.

Vanquished Creatures
  A dart slug (D:1)
  A bat (D:1)
  A giant cockroach (D:1)
  4 goblins (D:1)
  A hobgoblin (D:1)
  2 frilled lizards (D:1)
10 creatures vanquished.

Notes
Turn   | Place    | Note
-------+----------+-------------------------------------------
     0 | D:1      | Veldoneri the Ogre Berserker began the quest for the Orb.
     0 | D:1      | Reached XP level 1. HP: 24/24 MP: 1/1
     0 | D:1      | Fell from the grace of Trog
   136 | D:1      | Reached XP level 2. HP: 29/32 MP: 2/2
   269 | D:1      | Noticed a black bear
   269 | D:1      | Noticed a black bear
   269 | D:1      | Noticed a black bear
   274 | D:1      | HP: 1/33 [black bear[the rage of Trog] (4)]
   274 | D:1      | Slain by a black bear

Illustrated notes

Levels and vault maps discovered:
D:1:      minmay_arrival_four_loops, layout_basic, grunt_decor_mini_mirrors,
          minmay_3d_cube

Skill      XL: |  1  2 |
---------------+-------+-----
Long Blades    | 3 |  3.0
Fighting       | |  4.3
Dodging        | |  2.9

Action                   || total
-------------------------++-------
Melee: Falchion          ||    22
Invok: Renounce Religion ||     1
Armor: Animal skin       ||     7
Dodge: Dodged            ||    16
       Rpst.: Falchion   ||     7

Table legend: (Time is in decaauts)
 A = Elapsed time spent in this place.
 B = Non-inter-level travel time spent in this place.
 C = Inter-level travel time spent in this place.
 D = Time resting spent in this place.
 E = Time spent auto-exploring this place.
 F = Levels seen in this place.
 G = Mean time per level.
                   A        B        C        D        E       F      G
               +--------+--------+--------+--------+--------+-----+--------+
         Total |    277 |    277 |      0 |      0 |    146 |   1 |  277.0 |
       Dungeon |    277 |    277 |      0 |      0 |    146 |   1 |  277.0 |
               +--------+--------+--------+--------+--------+-----+--------+

Top non-repeatable levels by time:
     D:1: 277 daAuts
